AoeStats
← Sid

Arabia

504446159Analyzed
2v2 RM · 28d ago on Sep 5, 2026· 43m 39s· 4 players
Game mode
Random Map
Map size
Medium (4 player)
Population
200
Speed
Normal
Resources
Standard
Victory
Conquest
Starting age
Dark Age
Ending age
Imperial Age
RankedLock teamsTeams togetherTeam positionsShared explorationLock speedFull tech treeHidden civsTurbo modeCheats
Victory
Defeat
🇯🇵 Shu · Japan
1268
+17
🇯🇵 Persians · Japan
1242
+18
🇨🇿 Armenians · Czechia
1288
-18
🇨🇳 Goths · China
1284
-17
fumin.jp
7:16 Loom
9:25 Feudal Age
10:21 Double-Bit Axe
14:35 Fletching
18:43 Wheelbarrow
20:07 Padded Archer Armor
22:51 Castle Age
21:10 Padded Archer Armor
21:47 Horse Collar
22:02 Gold Mining
23:11 Crossbowman
23:47 Bodkin Arrow
23:31 Crossbowman
24:53 Bow Saw
25:25 Gold Shaft Mining
26:03 Leather Archer Armor
26:17 Ballistics
28:11 Thumb Ring
29:31 Hand Cart
29:19 Heavy Plow
30:43 Stone Mining
37:55 Imperial Age
37:26 Scale Mail Armor
37:36 Forging
38:26 Squires
38:12 Arson
38:46 Chain Mail Armor
38:51 Bracer
39:22 Ring Archer Armor
38:13 Arbalester
40:30 Coiled Serpent Array
40:40 Bolt Magazine
42:26 Chemistry
42:49 Chain Mail Armor
42:30 Elite White Feather Guard
Sid
7:15 Loom
9:53 Feudal Age
17:10 Double-Bit Axe
17:07 Horse Collar
18:39 Scale Barding Armor
25:13 Castle Age
23:42 Bloodlines
24:25 Gold Mining
24:26 Stone Mining
24:52 Forging
26:22 Iron Casting
26:09 Chain Barding Armor
28:29 Heavy Plow
30:38 Wheelbarrow
31:34 Husbandry
31:56 Pikeman
34:04 Gold Shaft Mining
34:47 Bow Saw
35:16 Town Watch
35:40 Fletching
36:55 Iron Casting
37:21 Bodkin Arrow
38:14 Padded Archer Armor
42:03 Imperial Age
40:29 Hand Cart
40:18 Scale Mail Armor
41:42 Cavalier
43:29 Two-Man Saw
43:01 Crop Rotation
43:16 Plate Barding Armor
42:36 Capped Ram
43:35 Savar
rower56
2:03 Loom
13:13 Feudal Age
16:16 Horse Collar
17:38 Double-Bit Axe
18:37 Bloodlines
21:29 Scale Barding Armor
27:13 Fletching
30:53 Castle Age
31:05 Scale Mail Armor
32:12 Squires
32:56 Pikeman
35:30 Chain Mail Armor
Zelda
8:20 Loom
11:15 Feudal Age
19:22 Fletching
19:33 Padded Archer Armor
26:30 Castle Age
26:33 Elite Skirmisher
27:47 Bodkin Arrow
29:11 Double-Bit Axe
32:04 Leather Archer Armor
36:14 Crossbowman
37:58 Wheelbarrow
39:39 Hand Cart
44:59 Imperial Age
Connection lost

Rejoining the realm…

Still unreachable

The connection could not be restored.

Session expired

The server has moved on; the page needs a fresh start.